 Dungeon Crawl Stone Soup version 0.30-a0-50-gb2d611f6b1 (webtiles) character file.

Game seed: 7424545832472778851

30 purpskrrrp the Covered (level 2, -2/25 HPs)
             Began as a Demigod Fighter on Sept 4, 2022.
             Frozen to death by an endoplasm (3 damage)
             ... on level 2 of the Dungeon.
             The game lasted 00:02:36 (1495 turns).

purpskrrrp the Covered (Demigod Fighter)            Turns: 1495, Time: 00:02:40

Health: -2/25      AC:  6    Str: 17    XL:     2   Next: 87%
Magic:  4/4        EV:  9    Int: 10    God:
Gold:   92         SH:  4    Dex: 13    Spells: 1/1 levels left

rFire   . . .      SeeInvis .    a - +0 flail
rCold   . . .      Faith    .    c - +0 buckler
rNeg    . . .      Spirit   .    b - +0 scale mail
rPois   .          Reflect  .    (no helmet)
rElec   .          Harm     .    (no cloak)
rCorr   .          Rampage  .    (no gloves)
Will    +....                    (no boots)
Stlth   ..........               (no amulet)
HPRegen 0.08/turn                m - ring of willpower
MPRegen 0.09/turn                (no ring)

@: mighty
A: high MP 1, forlorn, divine attributes
a: no special abilities


You were on level 2 of the Dungeon.
You visited 1 branch of the dungeon, and saw 2 of its levels.

You collected 92 gold pieces.

Inventory:

Hand Weapons
 a - a +0 flail (weapon)
Missiles
 e - 3 boomerangs (quivered)
 i - 6 silver javelins
Armour
 b - a +0 scale mail (worn)
 c - a +0 buckler (worn)
Jewellery
 m - a ring of willpower (left hand)
Scrolls
 g - a scroll of teleportation
 k - a scroll of magic mapping {unknown}
Potions
 h - a potion of cancellation


   Skills:
 + Level 2.8 Fighting
 * Level 2.4 Maces & Flails
 + Level 2.9 Armour
 + Level 0.4 Dodging
 + Level 0.5 Stealth
 + Level 2.9 Shields


You had one spell level left.
You didn't know any spells.
Your spell library contained the following spells:

 Spells                   Type           Power      Damage    Failure   Level
 Necrotise                Necr           0%         1d4       86%         1
 Poisonous Vapours        Pois/Air       0%         N/A       94%         2
 Vampiric Draining        Necr           0%         2d6       99%         3
 Corpse Rot               Necr/Pois/Air  0%         N/A       100%        4
 Agony                    Necr           0%         N/A       100%        5


Dungeon Overview and Level Annotations

Branches:
Dungeon (2/15)


Innate Abilities, Weirdness & Mutations

You have an increased reservoir of magic. (+10% MP)
You shall have no god before yourself.
Your divine heritage dramatically boosts your attributes as you level up.


Message History

You closely miss the adder.
* * * LOW HITPOINT WARNING * * *
You feel sick. The endoplasm freezes you.
You are frozen.
* * * LOW HITPOINT WARNING * * *
The endoplasm completely misses you. The adder barely misses you.
The endoplasm hits you but does no damage.
The endoplasm hits you.
* * * LOW HITPOINT WARNING * * *
The adder bites you but does no damage.
It was a potion of curing.
You feel better. The adder bites you but does no damage.
The endoplasm barely misses you. You block the endoplasm's attack.
You closely miss the adder. The adder bites you but does no damage.
The endoplasm freezes you.
You are frozen.
* * * LOW HITPOINT WARNING * * *
The endoplasm hits you but does no damage.
The adder closely misses you.
You sock the adder!
You kill the adder!
The endoplasm hits you but does no damage.
The endoplasm freezes you.
You are frozen.
* * * LOW HITPOINT WARNING * * *
As you read the scroll labelled KINNEK IDOBU, it crumbles to dust.
It is a scroll of amnesia.
You feel forgetful for a moment.
The endoplasm hits you but does no damage.
The endoplasm hits you.
* * * LOW HITPOINT WARNING * * *
As you read the scroll labelled WAABRU BURAE, it crumbles to dust.
You hear a loud clanging noise!
It was a scroll of noise.
You hear a shout!
You block the endoplasm's attack. The endoplasm freezes you.
You are frozen.
You die...

# # . #.. .#. ..#.. #).
... ....# #..##.###.#.##
#............#
#..##.........
#####..##..=.....#
..........J......#
#####...#@J...$.. #####
#..###......# .....
##.## #...$.. .....##
#...## ......
###...#####....#.....[$.
######
#...#.............#.####
...... #
#...#########.#.# #
#####
#.##.#†...........#
.....#.#######. ###


You could see 2 endoplasms.

Vanquished Creatures
  An adder (D:2)
  2 ball pythons (D:1)
  A giant cockroach (D:2)
  7 goblins
  2 jackals (D:2)
  3 quokkas
  2 frilled lizards (D:1)
  A kobold (D:1)
19 creatures vanquished.

Notes
Turn   | Place    | Note
-------+----------+-------------------------------------------
     0 | D:1      | purpskrrrp the Demigod Fighter began the quest for the Orb.
     0 | D:1      | Reached XP level 1. HP: 18/18 MP: 3/3
   385 | D:1      | Reached XP level 2. HP: 25/25 MP: 4/4
  1490 | D:2      | HP: 1/25 [endoplasm (1)]
  1495 | D:2      | Frozen to death by an endoplasm

Illustrated notes

Levels and vault maps discovered:
D:1:      dpeg_arrival_solitude, layout_basic, basic_ecumenical_altar
D:2:      layout_loops_ring, corexii_item_surrounded_by_moat

Skill      XL: |  1 |
---------------+----+-----
Maces & Flails | 2 |  2.4
Fighting       | |  2.8
Armour         | |  2.9
Dodging        | |  0.4
Stealth        | |  0.5
Shields        | |  2.9

Action                   || total
-------------------------++-------
Melee: Flail             ||    48
Throw: Boomerang         ||    18
  Use: Scroll            ||     6
       Potion            ||     2
Armor: Scale mail        ||    29
Dodge: Dodged            ||    22
Block: Buckler           ||    14

Table legend: (Time is in decaauts)
 A = Elapsed time spent in this place.
 B = Non-inter-level travel time spent in this place.
 C = Inter-level travel time spent in this place.
 D = Time resting spent in this place.
 E = Time spent auto-exploring this place.
 F = Levels seen in this place.
 G = Mean time per level.
                   A        B        C        D        E       F      G
               +--------+--------+--------+--------+--------+-----+--------+
         Total |   1516 |   1513 |      3 |    125 |   1203 |   2 |  758.0 |
       Dungeon |   1516 |   1513 |      3 |    125 |   1203 |   2 |  758.0 |
               +--------+--------+--------+--------+--------+-----+--------+

Top non-repeatable levels by time:
     D:1: 1187 daAuts
     D:2: 328 daAuts
